Map: [ESL] Site Delta

Players

gumiho

  • Race: Terran Terran
  • Spawn Location: 11:00

ShoWTimE - Winner!

  • Race: Protoss Protoss
  • League: Master
  • Spawn Location: 5:00

Event: HomeStory Cup XXV

VOD

Have the link to the VOD?

Description

Time

  • Played on: June 23, 2024, 5:38 p.m.
  • Length: 14:39

All games in this series

Show
View Real Time Build Order
Export as new Build Order

gumiho Terran 

Build Orders: Cyclone Opening 

Get SALT Encoding   

  12  0:00  SCV  
  13  0:12  SCV  
  14  0:16  Supply Depot  
  14  0:24  SCV  
  15  0:38  SCV  
  15  0:39  Barracks  
  15  0:42  Refinery  
  16  0:50  SCV  
  17  1:02  SCV  
  18  1:14  SCV  
  19  1:26  Orbital Command, Marine  
  20  1:39  Command Center  
  20  1:49  Factory  
  20  1:52  SCV  
  21  1:58  Refinery  
  21  2:02  Barracks Reactor  
  21  2:04  SCV  
  22  2:12  Supply Depot  
  22  2:16  SCV  
  23  2:34  SCV, Starport  
  24  2:41  Cyclone  
  25  2:45  Marine x2  
  25  2:46  SCV  
  28  2:51  Orbital Command  
  28  2:58  SCV  
  29  3:03  Marine x2  
  31  3:10  SCV  
  31  3:11  Orbital Command, Medivac  
  34  3:13  Factory Tech Lab  
  34  3:19  Supply Depot  
  34  3:22  SCV, Marine  
  34  3:24  Marine  
  37  3:34  SCV  
  37  3:36  SCV  
  37  3:39  Factory Tech Lab  
  37  3:40  Marine  
  40  3:41  Marine  
  40  3:46  SCV  
  40  3:47  Raven  
  44  3:48  SCV  
  44  3:50  Barracks  
  45  3:56  Supply Depot  
  45  4:00  Siege Tank  
  45  4:02  SCV x2  
  50  4:12  Barracks  
  50  4:13  Supply Depot  
  50  4:17  SCV x2  
  50  4:18  Marine  
  50  4:20  Marine  
  54  4:26  Engineering Bay  
  54  4:29  SCV  
  54  4:30  SCV  
  54  4:31  Refinery  
  56  4:36  Siege Tank  
  59  4:42  SCV x2  
  59  4:43  Supply Depot  
  61  4:47  Stimpack  
  61  4:48  Supply Depot  
  61  4:49  Marine  
  62  4:54  SCV x2  
  62  4:58  Terran Infantry Weapons Level 1  
  64  5:00  Marine x2  
  64  5:04  Starport Reactor  
  67  5:12  SCV x2  
  68  5:18  Supply Depot, Marauder x2  
  68  5:19  Supply Depot  
  68  5:20  Marine x2  
  74  5:22  Combat Shield  
  74  5:26  SCV x2  
  76  5:38  Marine x2  
  76  5:39  SCV x2  
  76  5:40  Marauder x2  
  83  5:43  Medivac  
  83  5:46  Supply Depot  
  83  5:48  Supply Depot, Refinery  
  85  5:53  Medivac  
  87  5:59  Marine x2  
  87  6:01  Marauder x2  
  93  6:07  SCV x2  
  86  6:16  Marine  
  86  6:17  Marine  
  87  6:23  Marauder x2  
  87  6:24  SCV x2  
  90  6:39  Marine  
  85  6:40  Marine  
  85  6:42  SCV x2  
  85  6:44  Concussive Shells, Marauder x2  
  85  6:46  Medivac x2  
  97  6:53  Command Center  
  97  6:54  SCV x2  
  99  6:55  Terran Infantry Armor Level 1  
  99  7:00  Marine x2  
  101  7:03  Factory Reactor  
  101  7:05  Marauder  
  103  7:09  Supply Depot  
  103  7:10  Supply Depot  
  103  7:11  Marauder  
  105  7:18  SCV x2  
  107  7:24  Marine x2  
  107  7:27  Marauder  
  107  7:29  Barracks  
  111  7:30  Barracks  
  111  7:31  SCV  
  111  7:32  SCV  
  111  7:33  Marauder  
  111  7:36  Supply Depot  
  115  7:39  Supply Depot  
  115  7:43  Viking  
  117  7:44  Viking  
  117  7:47  Widow Mine  
  117  7:49  Widow Mine  
  117  7:50  SCV x2  
  125  8:02  SCV, Marauder x2  
  125  8:03  Marine x2  
  130  8:05  SCV  
  130  8:06  Orbital Command  
  131  8:12  Sensor Tower  
  131  8:13  Viking  
  131  8:15  Viking  
  135  8:22  Marine x2  
  135  8:23  Barracks Tech Lab, Barracks Reactor  
  135  8:24  Marauder  
  140  8:27  SCV x2  
  140  8:31  Supply Depot  
  140  8:32  SCV  
  142  8:38  Supply Depot  
  142  8:39  Supply Depot  
  142  8:40  Missile Turret  
  142  8:41  Marine x2, Marauder  
  144  8:45  Ghost Academy  
  146  8:50  Viking  
  146  8:51  Viking  
  146  8:53  Widow Mine x2  
  146  8:54  Marauder  
  155  8:58  SCV x2  
  155  8:59  SCV  
  155  9:01  Armory  
  158  9:04  Refinery  
  158  9:05  Refinery  
  158  9:11  Command Center  
  158  9:23  Missile Turret  
  158  9:26  SCV x3  
  158  9:28  Siege Tank  
  162  9:32  Barracks Tech Lab, Ghost x2  
  162  9:37  Missile Turret  
  162  9:38  Factory  
  166  9:43  Bunker  
  166  9:44  SCV x3  
  166  9:45  Missile Turret  
  169  9:48  Terran Infantry Weapons Level 2  
  169  9:50  Missile Turret  
  169  9:53  Terran Vehicle Weapons Level 1, Ghost  
  169  9:55  Viking  
  169  9:56  Viking  
  169  9:58  Marine x4  
  179  10:18  Marauder x2  
  179  10:19  Marine x4  
  187  10:23  Marauder  
  187  10:25  Orbital Command  
  187  10:26  Missile Turret, Factory Tech Lab  
  187  10:27  Command Center  
  187  10:28  Missile Turret  
  188  10:30  Missile Turret  
  188  10:31  Missile Turret, Viking  
  188  10:32  Viking  
  192  10:36  Siege Tank  
  195  10:45  Siege Tank  
  198  10:54  Barracks x3  
  198  11:04  Bunker  
  196  11:20  Siege Tank x2  
  196  11:23  Refinery  
  192  11:33  Missile Turret  
  192  11:34  Engineering Bay  
  192  11:35  Personal Cloaking  
  192  11:52  Siege Tank x2  
  192  11:54  Terran Vehicle Weapons Level 2  
  194  11:55  Sensor Tower  
  194  12:04  Planetary Fortress  
  191  12:22  Marine x2, Marauder x3  
  198  12:24  Barracks Tech Lab x2  
  180  12:43  Marauder  
  178  12:48  Marauder x3  
  153  12:56  Marine x3, Marauder  
  142  13:02  Smart Servos  
  142  13:05  Marauder  
  135  13:08  SCV x4  
  135  13:10  Ghost x3  
  135  13:11  Marine  
  135  13:12  Marine  
  146  13:13  Marine  
  146  13:14  Marine x2  
  146  13:15  Medivac x2  
  146  13:17  Ghost  
  156  13:20  SCV  
  156  13:21  Siege Tank  
  156  13:25  Marine  
  156  13:26  Marauder  
  157  13:29  Marine, Refinery  
  157  13:30  Refinery  
  157  13:32  Marine  
  157  13:35  Missile Turret  
  157  13:39  Marine, Marauder x3  
  163  13:46  Marauder  
  158  13:49  Orbital Command, Marine x5, Marauder  
  158  13:54  Siege Tank  
  158  13:55  Siege Tank  
  169  13:57  Marine  
  169  14:00  Marine x2, Marauder  
  174  14:06  Marine  
  174  14:08  Marauder  
  174  14:09  Marine x2  
  179  14:10  Marauder  
  181  14:18  Marine x2  
  181  14:21  Sensor Tower  
Show
View Real Time Build Order
Export as new Build Order

ShoWTimE Protoss - Winner!

Build Orders: 1 Gate Expand, Blink Stalkers, Colossus Rush 

Get SALT Encoding   

  12  0:00  Probe  
  13  0:12  Probe  
  14  0:17  Pylon  
  14  0:24  Probe (Chrono Boost)  
  15  0:35  Gateway  
  15  0:36  Probe (Chrono Boost)  
  16  0:45  Assimilator, Probe (Chrono Boost)  
  17  0:50  Probe  
  18  1:03  Probe  
  19  1:15  Probe  
  20  1:22  Nexus  
  20  1:30  Cybernetics Core  
  20  1:33  Probe  
  21  1:40  Assimilator  
  21  1:45  Probe  
  22  1:49  Pylon  
  22  1:57  Probe  
  23  2:04  Adept (Chrono Boost)  
  23  2:07  Warp Gate  
  25  2:09  Probe  
  26  2:17  Twilight Council  
  26  2:21  Probe  
  27  2:27  Stalker  
  29  2:34  Probe x2  
  31  2:46  Gateway, Blink (Chrono Boost), Probe  
  31  2:47  Probe  
  33  2:58  Probe  
  34  2:59  Probe  
  34  3:04  Stalker  
  37  3:10  Probe  
  37  3:11  Probe  
  39  3:18  Pylon  
  39  3:22  Probe  
  39  3:23  Probe  
  39  3:24  Robotics Facility  
  41  3:34  Probe  
  41  3:35  Probe  
  43  3:45  Nexus  
  43  3:46  Probe  
  43  3:47  Probe  
  45  3:55  Stalker  
  47  3:56  Stalker  
  47  4:00  Pylon  
  47  4:02  Probe  
  50  4:03  Probe  
  50  4:08  Assimilator  
  51  4:16  Probe  
  52  4:17  Probe  
  52  4:19  Stalker, Observer  
  52  4:23  Assimilator  
  56  4:27  Pylon  
  56  4:28  Probe  
  56  4:29  Probe  
  58  4:40  Gateway x2, Probe  
  58  4:41  Observer  
  58  4:42  Charge, Probe  
  61  4:52  Probe  
  62  4:54  Stalker x2, Probe  
  62  4:56  Probe  
  68  5:04  Probe (Chrono Boost)  
  68  5:05  Robotics Bay  
  68  5:06  Probe (Chrono Boost)  
  70  5:08  Probe (Chrono Boost)  
  70  5:09  Shield Battery  
  71  5:16  Pylon  
  71  5:18  Probe (Chrono Boost)  
  71  5:20  Probe (Chrono Boost)  
  74  5:22  Probe (Chrono Boost)  
  74  5:26  Probe (Chrono Boost)  
  74  5:27  Probe (Chrono Boost)  
  76  5:29  Probe (Chrono Boost)  
  76  5:31  Pylon  
  76  5:32  Probe  
  76  5:33  Pylon  
  76  5:35  Probe  
  79  5:40  Probe  
  80  5:44  Probe  
  80  5:47  Probe  
  80  5:49  Zealot x3, Sentry, Colossus (Chrono Boost)  
  90  5:53  Probe  
  90  5:56  Gateway  
  97  6:00  Gateway  
  97  6:09  Gateway  
  97  6:10  Gateway  
  97  6:13  Zealot x4  
  105  6:19  Pylon  
  105  6:27  Forge  
  105  6:29  Pylon  
  105  6:33  Colossus (Chrono Boost)  
  105  6:35  Zealot x2  
  115  6:42  Zealot x2  
  117  6:50  Zealot  
  117  6:51  Pylon  
  117  6:54  Observer  
  119  6:57  Zealot x3  
  119  7:01  Observer  
  125  7:02  Forge  
  125  7:05  Pylon  
  125  7:12  Pylon  
  125  7:14  Nexus  
  125  7:16  Colossus (Chrono Boost)  
  125  7:18  Photon Cannon  
  125  7:20  Extended Thermal Lance (Chrono Boost)  
  130  7:25  Protoss Ground Weapons Level 1 (Chrono Boost)  
  130  7:26  Probe x3  
  130  7:28  Zealot x4  
  141  7:31  Pylon  
  141  7:32  Shield Battery  
  141  7:38  Protoss Ground Armor Level 1 (Chrono Boost)  
  141  7:39  Pylon  
  141  7:46  Pylon  
  141  7:47  Shield Battery, Pylon  
  141  7:49  Shield Battery  
  141  7:50  Pylon  
  141  7:54  Disruptor (Chrono Boost)  
  145  8:03  Zealot x6  
  157  8:08  Probe x3  
  157  8:10  Pylon  
  160  8:16  Robotics Facility  
  160  8:19  Pylon  
  160  8:26  Zealot x4  
  172  8:29  Warp Prism (Chrono Boost)  
  170  8:35  Sentry x2  
  170  8:38  Pylon  
  174  8:47  Gateway  
  174  8:48  Gateway  
  174  8:51  Gateway  
  174  8:52  Gateway  
  174  8:54  Disruptor (Chrono Boost), Nexus  
  174  8:59  Gravitic Drive  
  178  9:07  Protoss Ground Weapons Level 2 (Chrono Boost)  
  178  9:08  Disruptor (Chrono Boost)  
  182  9:16  Gateway  
  182  9:18  Gateway, Protoss Ground Armor Level 2 (Chrono Boost)  
  182  9:19  Gateway  
  182  9:23  Disruptor  
  186  9:24  Gateway  
  186  9:25  Pylon  
  186  9:27  Probe x4  
  188  9:36  Gateway  
  188  9:39  Gateway  
  188  9:41  Gateway, Probe x2  
  188  9:42  Gateway, Probe  
  188  9:43  Gateway  
  188  9:45  Shield Battery  
  195  9:51  Disruptor (Chrono Boost)  
  195  9:56  Gateway  
  195  9:57  Gateway, Disruptor (Chrono Boost)  
  195  9:59  Robotics Facility  
  199  10:13  Photon Cannon  
  199  10:30  Gateway  
  199  10:32  Gateway  
  199  10:36  Gateway  
  199  10:47  Nexus  
  199  10:48  Pylon  
  195  10:59  Stalker x3  
  195  11:01  Stalker  
  179  11:24  Protoss Ground Armor Level 3 (Chrono Boost)  
  179  11:25  Protoss Ground Weapons Level 3 (Chrono Boost)  
  179  11:28  Zealot x6  
  179  11:29  Zealot x6  
  179  11:32  Zealot  
  199  11:36  Photon Cannon  
  199  11:37  Photon Cannon  
  199  11:39  Shield Battery  
  199  11:53  Zealot x9  
  199  12:10  Nexus  
  199  12:15  Zealot  
  199  12:23  Pylon  
  199  12:33  Zealot x3  
  181  12:39  Zealot x15  
  181  12:42  Disruptor x2 (Chrono Boost)  
  177  12:44  Zealot x5  
  177  12:45  Zealot x2  
  177  12:46  Disruptor (Chrono Boost)  
  127  13:03  Zealot x2  
  127  13:04  Zealot x17  
  127  13:05  Zealot x7  
  179  13:09  Probe x2  
  181  13:15  Disruptor (Chrono Boost), Warp Prism (Chrono Boost)  
  187  13:27  Zealot x3  
  187  13:28  Zealot x4  
  199  13:37  Stalker x3  
  177  13:56  Zealot x2  
  177  13:57  Zealot x9  
  177  13:59  Disruptor x2 (Chrono Boost)  
  177  14:02  Disruptor (Chrono Boost)  
  199  14:19  Dark Shrine  
  199  14:20  Nexus  
  199  14:22  Assimilator  
  197  14:26  Assimilator  
  197  14:30  Stalker x9  
Tags
 
Add a new tag
Caveats
  • Supply blocks, unpowered buildings, or Contaminate may cause inaccurate times.
  • Supply counts are checked every 10 seconds.